 Dungeon Crawl Stone Soup version 0.29.1-15-g9cfb28693d (webtiles) character file.

Game seed: 9209561423923874690

19216 GeoRichter the Martial Artist (level 12, -5/92 HPs)
             Began as a Demonspawn Ice Elementalist on Mar 17, 2023.
             Was an Initiate of Yredelemnul.
             Slain by a three-headed hydra simulacrum (6 damage)
             ... in an ice cave.
             The game lasted 00:36:47 (16270 turns).

GeoRichter the Martial Artist (DsIE)               Turns: 16270, Time: 00:36:47

Health: -5/92      AC: 20    Str:  9    XL:     12   Next: 34%
Magic:  20/22      EV: 13    Int: 22    God:    Yredelemnul [......]
Gold:   550        SH:  5    Dex: 13    Spells: 14/25 levels left

rFire   . . .      SeeInvis +   y - +9 spear
rCold   + . .      Faith    +   c - +0 buckler
rNeg    + . .      Spirit   .   v - +2 robe {rN+}
rPois   .          Reflect  .   f - +1 helmet {SInv}
rElec   .          Harm     .   A - +2 cloak {Will+}
rCorr   .          Rampage  .   (no gloves)
Will    +....                   w - +0 pair of boots
Stlth   ++........              z - amulet of faith {!P}
HPRegen 0.25/turn               p - ring of protection from cold
MPRegen 0.18/turn               (no ring)

@: ice-armoured
A: demonic guardian 1, spiny 1, sharp scales 2, demonic touch 2
a: Renounce Religion, Recall Undead Harvest


You were in an ice cave.
You worshipped Yredelemnul.
Yredelemnul was noncommittal.
You visited 2 branches of the dungeon, and saw 13 of its levels.
You also visited: Sewer, Bailey and Ice Cave.

You collected 820 gold pieces.
You spent 270 gold pieces at shops.

Inventory:

Hand Weapons
 y - a +9 spear (weapon)
   (You took it off a gnoll on level 4 of the Dungeon)
Missiles
 k - a throwing net {!f}
Armour
 c - a +0 buckler (worn)
   (You took it off a gnoll sergeant on level 7 of the Dungeon)
 f - a +1 helmet of see invisible (worn)
   (You bought it in a shop on level 2 of the Dungeon)
 v - a +2 robe of positive energy (worn)
   (You found it on level 8 of the Dungeon)
 w - a +0 pair of boots (worn)
   (You found it on level 7 of the Dungeon)
 A - a +2 cloak of willpower (worn)
   (You bought it in a shop on level 2 of the Dungeon)
Magical Staves
 j - a staff of poison
   (You found it on level 1 of the Dungeon)
Jewellery
 p - a ring of protection from cold (left hand)
   (You found it on level 2 of the Dungeon)
 z - an amulet of faith (around neck) {!P}
   (You found it in a sewer)
 E - an amulet of reflection
   (You found it on level 5 of the Dungeon)
Wands
 g - a wand of quicksilver (8)
   (You found it on level 4 of the Dungeon)
 t - a wand of charming (6)
   (You took it off Ijyb on level 4 of the Dungeon)
 D - a wand of digging (4)
   (You found it on level 5 of the Dungeon)
 G - a wand of mindburst (20)
   (You found it on level 6 of the Dungeon)
 J - a wand of iceblast (5)
   (You found it on level 10 of the Dungeon)
Scrolls
 a - 5 scrolls of enchant armour
 n - 3 scrolls of immolation {!r}
 q - 2 scrolls of teleportation {@r4}
 r - 5 scrolls of amnesia
 x - 4 scrolls of enchant weapon
 I - 2 scrolls of summoning
 K - a scroll of butterflies
 L - a scroll of fear
 N - a scroll of silence
Potions
 b - 4 potions of magic
 d - 5 potions of brilliance {unknown}
 e - 2 potions of resistance {unknown}
 h - 7 potions of mutation {!q}
 i - 2 potions of heal wounds {@q2}
 l - a potion of invisibility {unknown}
 m - 2 potions of degeneration {unknown}
 o - 2 potions of haste {@q3}
 s - 3 potions of lignification {!q}
 u - 5 potions of curing {@q1}
 B - a potion of attraction {unknown}
 C - 5 potions of might
 F - 3 potions of flight
 H - a potion of cancellation {unknown}


   Skills:
 + Level 8.1 Fighting
 + Level 4.5 Dodging
 - Level 2.0 Stealth
 + Level 3.9 Shields
 * Level 9.7 Unarmed Combat
 - Level 7.0 Spellcasting
 - Level 7.7 Transmutations
 - Level 8.0 Ice Magic
 - Level 5.0 Invocations
 - Level 3.0 Evocations


You had 14 spell levels left.
You knew the following spells:

 Your Spells              Type           Power      Damage    Failure   Level
a - Freeze                Ice            100%       1d11      1%          1
b - Frozen Ramparts       Ice            84%        1d13      1%          3
c - Ozocubu's Armour      Ice            42%        N/A       1%          3
d - Ice Form              Ice/Tmut       42%        N/A       4%          4

Your spell library contained the following spells:

 Spells                   Type           Power      Damage    Failure   Level
 Ensorcelled Hibernation  Hex/Ice        50%        N/A       3%          2
 Passwall                 Tmut/Erth      20%        N/A       3%          2
 Apportation              Tloc           14%        N/A       11%         1
 Shock                    Conj/Air       28%        1d4       11%         1
 Summon Small Mammal      Summ           28%        N/A       11%         1
 Hailstorm                Conj/Ice       25%        3d7       21%         4
 Summon Ice Beast         Ice/Summ       25%        N/A       21%         4
 Call Canine Familiar     Summ           7%         N/A       30%         3
 Dazzling Flash           Conj/Hex       14%        N/A       30%         3
 Gell's Gravitas          Tloc           7%         N/A       30%         3
 Lesser Beckoning         Tloc           7%         N/A       30%         3
 Summon Guardian Golem    Hex/Summ       7%         N/A       30%         3
 Swiftness                Air            7%         N/A       30%         3
 Teleport Other           Tloc           7%         N/A       30%         3
 Alistair's Intoxication  Tmut/Pois      16%        N/A       52%         5
 Airstrike                Air            3%         2d(1-17)  71%         4
 Iskenderun's Mystic Bla  Conj/Tloc      7%         2d4       71%         4
 Borgnjor's Vile Clutch   Necr/Erth      3%         N/A       96%         5
 Dispersal                Tloc           3%         N/A       100%        6
 Starburst                Conj/Fire      3%         6d3       100%        6
 Disjunction              Tloc           3%         N/A       100%        8
 Animate Dead             Necr           Unusable   N/A       N/A         4
 Death Channel            Necr           Unusable   N/A       N/A         6

Dungeon Overview and Level Annotations

Branches:
Dungeon (10/15) Zot: 25655  Temple (0/1) D:5            Lair (3/5) D:10 Zot: 14595
  Swamp (0/4) Lair:3        Snake (0/4) Lair:2        Sewer (visited)
 Bailey (visited)           IceCv (1/1) Zot: 5160
    Orc: D:9-12

Altars:
Cheibriados
Fedhas
Makhleb
Nemelex Xobeh
Ru
Sif Muna
Xom
Yredelemnul

Shops:
D:2 [   D:8 *


Innate Abilities, Weirdness & Mutations

A weak demonic guardian rushes to your aid.
You are partially covered in sharp spines.
You are mostly covered in razor-sharp scales. (AC +2, Slay +2)
Your touch may inflict irresistible damage on your foes.


Message History

The three-headed hydra simulacrum bites you but does no damage.
The three-headed hydra simulacrum bites you.
The three-headed hydra simulacrum freezes you!
You resist.
The three-headed hydra simulacrum bites you.
The three-headed hydra simulacrum freezes you!
You resist.
* * * LOW HITPOINT WARNING * * *
You are too injured to fight recklessly!
You are too injured to fight recklessly!
Unknown command.
You hit the three-headed hydra simulacrum.
You block the three-headed hydra simulacrum's attack.
The three-headed hydra simulacrum bites you but does no damage.
The three-headed hydra simulacrum misses you.
You hit the three-headed hydra simulacrum.
The three-headed hydra simulacrum barely misses you.
The three-headed hydra simulacrum bites you.
* * * LOW HITPOINT WARNING * * *
The three-headed hydra simulacrum freezes you!
You resist.
* * * LOW HITPOINT WARNING * * *
The three-headed hydra simulacrum misses you.
As you read the scroll of summoning, it crumbles to dust.
Wisps of shadow whirl around you...
The three-headed hydra simulacrum bites you!
* * * LOW HITPOINT WARNING * * *
A demonic guardian appears!
The three-headed hydra simulacrum freezes you!
You resist.
* * * LOW HITPOINT WARNING * * *
The three-headed hydra simulacrum bites you but does no damage.
The three-headed hydra simulacrum barely misses you.
The three-headed hydra simulacrum bites your rust devil but does no damage.
The three-headed hydra simulacrum closely misses your rust devil.
The three-headed hydra simulacrum bites your rust devil!
The three-headed hydra simulacrum freezes your rust devil!
Your rust devil resists.
You feel much better.
The three-headed hydra simulacrum bites you.
* * * LOW HITPOINT WARNING * * *
The three-headed hydra simulacrum freezes you!!
You resist.
* * * LOW HITPOINT WARNING * * *
The three-headed hydra simulacrum bites you.
* * * LOW HITPOINT WARNING * * *
The three-headed hydra simulacrum freezes you.
You resist.
You die...
Your body rises from the dead as a mindless zombie.

##########
######...##.Z4###
#.#...##...##@.Z#
##
#..##########Z4...#
.#####..# #.Z⌠..#
...#..### #.....
##..### ..##. ####
##


You could see 2 three-headed hydra simulacra, a friendly ice devil (summoned), a
friendly rust devil (summoned), a friendly death yak simulacrum (summoned) and a
friendly dire elephant simulacrum (summoned).

Vanquished Creatures
  A two-headed ogre (D:10)
  Pikel (D:5)
  3 orc knights (Bailey)
  A black mamba (Lair:3)
  A kobold demonologist (D:10)
  3 komodo dragons
  A rime drake (Lair:1)
  An anaconda simulacrum (IceCv)
  2 trolls (D:10)
  A hornet (D:9)
  Prince Ribbit (D:7)
  A shadow (D:10)
  3 wyverns
  9 yaks
  A steam dragon (D:8)
  A death yak simulacrum (IceCv)
  3 vampire mosquitoes (D:10)
  A water moccasin (Lair:3)
  4 nagas (Lair:2)
  7 orc warriors (Bailey)
  Pargi (Sewer)
  A sky beast (D:6)
  An ice beast (D:6)
  2 orc zombies (Bailey)
  A black bear (Lair:1)
  4 centaurs
  2 phantoms
  4 kobold brigands
  3 bullfrogs
  3 gnoll sergeants
  3 scorpions
  3 two-headed ogre simulacra (IceCv)
  5 wights (D:9)
  3 elephant simulacra (IceCv)
  11 killer bees (D:9)
  2 electric eels (D:10)
  A howler monkey (D:9)
  5 orc priests
  5 hounds
  2 jellies
  Ijyb (D:4)
  6 iguanas
  5 orc wizards
  10 spriggan simulacra (IceCv)
  A polar bear simulacrum (IceCv)
  3 troll simulacra (IceCv)
  A wolf simulacrum (IceCv)
  Robin (D:3)
  11 gnolls
  11 adders
  3 naga simulacra (IceCv)
  A white imp (IceCv)
  6 ufetubi
  A worm (D:2)
  A dart slug (D:3)
  34 orcs
  10 endoplasms
  5 giant cockroaches
  13 goblins
  9 hobgoblins
  3 quokkas
  9 ball pythons
  8 bats
  A frilled lizard (D:2)
  14 kobolds
  4 rats
280 creatures vanquished.

Vanquished Creatures (collateral kills)
  2 hydras
  A black mamba (Lair:2)
  A cane toad (Lair:2)
  2 rime drakes
  3 komodo dragons
  2 ice devils (Lair:3)
  6 yaks
  A wyvern (D:9)
  A steam dragon (Lair:1)
  Menkaure (D:5)
  3 nagas (Lair:2)
  3 water moccasins
  An orc warrior (Bailey)
  An ice beast (D:7)
  A centaur (D:7)
  2 bullfrogs
  5 killer bees (D:9)
  2 howler monkeys (D:9)
  3 hounds
  An orc priest (D:9)
  Crazy Yiuf (D:5)
  An orc wizard (D:6)
  3 gnolls
  9 orcs
  4 goblins (D:10)
  3 kobolds (D:10)
63 creatures vanquished.

Vanquished Creatures (others)
  A black mamba zombie (Lair:2)
  A hornet zombie (D:9)
  A rime drake zombie (Lair:3)
  A vampire mosquito zombie (D:10)
  A wyvern zombie (Lair:1)
  A water moccasin zombie (Lair:1)
  A troll zombie (D:10)
  2 yak zombies
  3 bullfrog zombies
  2 centaur zombies
  A scorpion zombie (D:5)
  3 killer bee zombies (D:9)
  2 naga zombies (Lair:2)
  6 hound zombies
  A spectral electric eel (D:10)
  A jelly zombie (D:5)
  A spectral white imp (IceCv)
  2 adder zombies
  7 gnoll zombies
  A giant cockroach zombie (D:4)
  4 goblin zombies (D:3)
  2 hobgoblin zombies (D:3)
  3 kobold zombies
  32 orc zombies
  5 spectral ufetubi (IceCv)
  8 fungi
  18 plants
111 creatures vanquished.

Grand Total: 454 creatures vanquished

Notes
Turn   | Place    | Note
-------+----------+-------------------------------------------
     0 | D:1      | GeoRichter the Demonspawn Ice Elementalist began the quest
                  | for the Orb.
     0 | D:1      | Reached XP level 1. HP: 13/13 MP: 3/3
   197 | D:1      | Gained mutation: Your touch may inflict minor irresistible
                  | damage on your foes. [demonic ancestry]
   197 | D:1      | Reached XP level 2. HP: 14/19 MP: 0/5
   494 | D:1      | You fall into a shaft and drop 1 floor!
   519 | D:2      | Found a basalt altar of Yredelemnul.
   825 | D:1      | Found a faded altar of an unknown god.
  1048 | D:2      | Gained mutation: You are partially covered in razor-sharp
                  | scales. (AC +1, Slay +1) [demonic ancestry]
  1048 | D:2      | Reached XP level 3. HP: 24/24 MP: 4/6
  1209 | D:2      | Learned a level 3 spell: Frozen Ramparts
  1213 | D:2      | Learned a level 3 spell: Ozocubu's Armour
  1776 | D:2      | Found Hamiot's Antique Armour Shoppe.
  1965 | D:3      | Found a snail-covered altar of Cheibriados.
  1970 | D:3      | Reached XP level 4. HP: 25/30 MP: 4/8
  2124 | D:2      | Became a worshipper of Yredelemnul the Dark
  2469 | D:3      | Noticed Robin
  2482 | D:3      | Reached * piety under Yredelemnul
  2505 | D:3      | Killed Robin
  2509 | D:3      | Your ally Robin died
  2512 | D:3      | Reached skill level 5 in Ice Magic
  2680 | D:3      | Found a sacrificial altar of Ru.
  2876 | D:3      | Gained mutation: You are partially covered in sharp spines.
                  | [demonic ancestry]
  2876 | D:3      | Reached XP level 5. HP: 29/35 MP: 5/9
  2935 | D:3      | Found a shimmering blue altar of Sif Muna.
  3074 | D:4      | Found a glowing drain.
  3140 | Sewer    | Entered a sewer
  3162 | Sewer    | Noticed Pargi
  3173 | Sewer    | Killed Pargi
  3174 | Sewer    | Gained mutation: A weak demonic guardian rushes to your
                  | aid. [demonic ancestry]
  3174 | Sewer    | Reached XP level 6. HP: 41/41 MP: 1/11
  3781 | D:2      | Bought a runed cloak for 135 gold pieces
  4187 | D:4      | Noticed Ijyb
  4195 | D:4      | Gained mutation: Your touch may inflict irresistible damage
                  | on your foes. [demonic ancestry]
  4195 | D:4      | Reached XP level 7. HP: 41/46 MP: 6/13
  4197 | D:4      | Killed Ijyb
  4198 | D:4      | Reached ** piety under Yredelemnul
  4555 | D:5      | Entered Level 5 of the Dungeon
  5077 | D:5      | Found a sparkling altar of Nemelex Xobeh.
  5132 | D:5      | Reached skill level 1 in Transmutations
  5241 | D:5      | Found a staircase to the Ecumenical Temple.
  5498 | D:5      | Noticed Menkaure
  5504 | D:5      | Killed Menkaure
  5505 | D:5      | Reached skill level 5 in Spellcasting
  5505 | D:5      | Reached XP level 8. HP: 20/52 MP: 8/15
  5775 | D:5      | Found a runed translucent door.
  5776 | D:5      | Noticed Crazy Yiuf
  5852 | D:5      | Noticed Pikel
  5868 | D:5      | Killed Pikel
  6009 | D:5      | Killed Crazy Yiuf
  6102 | D:5      | Learned a level 4 spell: Ice Form
  6244 | D:6      | Reached skill level 1 in Evocations
  6287 | D:6      | Found a blossoming altar of Fedhas.
  6477 | D:6      | Reached skill level 1 in Unarmed Combat
  6565 | D:6      | Reached *** piety under Yredelemnul
  6565 | D:6      | Reached skill level 1 in Fighting
  6565 | D:6      | Reached XP level 9. HP: 42/59 MP: 13/17
  6694 | D:6      | Found a large runed translucent door.
  6695 | D:6      | Found a large runed translucent door.
  7138 | D:6      | Found a burning altar of Makhleb.
  7311 | D:2      | Bought a runed helmet for 135 gold pieces
  7500 | D:7      | Identified the +2 scale mail "Last" {Harm Rampage Will-}
  7714 | D:7      | Reached skill level 5 in Transmutations
  8665 | D:7      | Noticed Prince Ribbit
  8669 | D:7      | Killed Prince Ribbit
  9075 | D:8      | Found Lyolie's General Store.
  9344 | D:8      | Identified the +7 plate armour of Meager Birdsong {*Corrode
                  | rPois Will++ Dex+2}
  9355 | D:8      | Noticed an angel
  9431 | D:8      | Found a basalt altar of Yredelemnul.
  9433 | D:8      | Noticed a profane servitor
 10048 | D:9      | Paralysed by a hornet for 1 turns
 10053 | D:9      | Gained mutation: You are mostly covered in razor-sharp
                  | scales. (AC +2, Slay +2) [demonic ancestry]
 10053 | D:9      | Reached XP level 10. HP: 57/70 MP: 14/20
 10362 | D:9      | Reached skill level 2 in Unarmed Combat
 10365 | D:9      | Reached skill level 1 in Invocations
 10569 | D:9      | Reached skill level 3 in Unarmed Combat
 10756 | D:10     | Entered Level 10 of the Dungeon
 10757 | D:10     | Found a staircase to the Lair.
 10960 | D:10     | Noticed a two-headed ogre
 10962 | D:10     | Reached skill level 4 in Unarmed Combat
 10974 | D:10     | Killed a two-headed ogre
 10977 | D:10     | Reached skill level 5 in Fighting
 10977 | D:10     | Reached skill level 5 in Unarmed Combat
 11001 | D:10     | Reached skill level 5 in Invocations
 11080 | D:10     | Reached skill level 6 in Unarmed Combat
 11080 | D:10     | Reached XP level 11. HP: 37/80 MP: 4/21
 11082 | D:10     | Reached **** piety under Yredelemnul
 11091 | D:10     | Found a flagged portal.
 11196 | Bailey   | Entered a bailey
 11570 | Bailey   | Noticed an orc knight
 11576 | Bailey   | Noticed an orc knight
 11578 | Bailey   | Noticed an orc knight
 11586 | Bailey   | Killed an orc knight
 11595 | Bailey   | Killed an orc knight
 11601 | Bailey   | Killed an orc knight
 11602 | Bailey   | Reached skill level 7 in Unarmed Combat
 12093 | D:10     | Found a shimmering altar of Xom.
 12101 | D:10     | Found a shimmering altar of Xom.
 12154 | D:10     | Found a shimmering altar of Xom.
 12155 | D:10     | Found a shimmering altar of Xom.
 12156 | D:10     | Found a shimmering altar of Xom.
 12178 | D:10     | Noticed a lindwurm
 12187 | D:10     | Noticed a lindwurm
 12191 | D:10     | Noticed a lindwurm
 12199 | D:10     | Noticed a lindwurm
 12847 | Lair:1   | Entered Level 1 of the Lair of Beasts
 13093 | Lair:1   | Reached skill level 1 in Shields
 13320 | Lair:1   | Reached skill level 8 in Unarmed Combat
 13501 | Lair:1   | Reached ***** piety under Yredelemnul
 14466 | Lair:2   | Noticed a four-headed hydra
 14474 | Lair:2   | Killed a four-headed hydra
 14527 | Lair:2   | Reached XP level 12. HP: 86/91 MP: 18/22
 14566 | Lair:2   | Reached skill level 9 in Unarmed Combat
 14678 | Lair:2   | Found a staircase to the Snake Pit.
 15133 | Lair:3   | Noticed a four-headed hydra
 15143 | Lair:3   | Killed a four-headed hydra
 15365 | Lair:3   | Found a frozen archway.
 15433 | IceCv    | Entered an ice cave
 16269 | IceCv    | HP: 4/92 [three-headed hydra simulacrum (11)]
 16270 | IceCv    | HP: 1/92 [three-headed hydra simulacrum (3)]
 16270 | IceCv    | Slain by a three-headed hydra simulacrum

Illustrated notes

Levels and vault maps discovered:
D:1:      dpeg_arrival_windows_large_door, layout_rooms, basic_ecumenical_altar
D:2:      layout_basic, serial_shops, nicolae_shop_trees, basic_altar
D:3:      layout_basic, nicolae_sif_muna_little_library,
          nicolae_ru_path_of_blood, nicolae_overflow_hidden_temple, uniq_robin
D:4:      layout_loops_ring, portal_sewer_entry_d, uniq_ijyb
D:5:      layout_loops_ring, mainiacjoe_overflow_surrounded_room,
          minmay_temple_entry_proselytizer, nicolae_underground_beach,
          uniq_menkaure, uniq_pikel, uniq_crazy_yiuf_cottage
D:6:      layout_layer_cave, jmf_multi_god_temple2, mainiacjoe_overflow_catwalk,
          serial_glass, glass_columns_a, glass_columns_a, due_unseen_surprise,
          grunt_tough_drop
D:7:      layout_basic, serial_bayou_crossing, uniq_prince_ribbit1
D:8:      layout_loops_cross, grunt_temple_overflow_holy_war, serial_shops,
          nicolae_shop_crystal, kennysheep_small_spiral
D:9:      layout_roguey, statue_in_the_mist_lemuel
D:10:     layout_loops_ring, xom_redecorated, erik_lair_island, enter_bailey_5,
          minmay_lindwurm_lava
Lair:1:   wander_river, layout_chaotic_city
Lair:2:   layout_hall_layers, minmay_snake_entry_guardpost_medium,
          minmay_stone_trees_medium
Lair:3:   layout_cellular_growth, minmay_swamp_entry_reptiles,
          portal_ice_cave_demonic_guard, grunt_megastairs_5
IceCv:    ice_cave_caverns_01

Skill      XL: |  1  2  3  4  5  6  7  8  9 10 11 12 |
---------------+-------------------------------------+-----
Stealth        | 2 |  2.0
Ice Magic      | 4 5 6 7 8 |  8.0
Spellcasting   | 3 4 5 6 7 |  7.0
Transmutations | 1 4 7 |  7.7
Evocations     | 3 |  3.0
Unarmed Combat | 1 6 8 9 |  9.7
Fighting       | 1 3 5 7 8 |  8.1
Invocations    | 5 |  5.0
Dodging        | 3 4 |  4.5
Shields        | 3 |  3.9

Action                   |  1- 3 |  4- 6 |  7- 9 | 10-12 || total
-------------------------+-------+-------+-------+-------++-------
Melee: Short sword       |    17 |    27 |       |       ||    44
       Unarmed           |     1 |       |       |    38 ||    39
       Touch             |     2 |    10 |    13 |       ||    25
       Spear             |       |    43 |   151 |   204 ||   398
 Cast: Freeze            |    67 |    10 |       |       ||    77
       Frozen Ramparts   |       |    20 |    43 |    41 ||   104
       Ozocubu's Armour  |       |     6 |    26 |    38 ||    70
       Ice Form          |       |       |     1 |     3 ||     4
Invok: Dark Bargain      |       |       |       |     1 ||     1
Evoke: Wand              |       |       |     3 |     8 ||    11
  Use: Potion            |       |     1 |       |     5 ||     6
       Scroll            |       |     3 |    18 |    11 ||    32
 Stab: Sleeping          |     2 |     1 |     1 |     2 ||     6
       Distracted        |       |       |       |     2 ||     2
Armor: Robe              |    18 |    28 |    67 |    70 ||   183
       Skin              |       |       |       |    12 ||    12
Dodge: Dodged            |    47 |    45 |    62 |   125 ||   279
Block: Buckler           |       |       |     7 |    45 ||    52
